 Dungeon Crawl Stone Soup version 0.17-a0-1638-g2ccaed7 (console) character file.

91 Monkaria the Conjurer (level 4, 0/24 HPs)
             Began as a Deep Elf Conjurer on Aug 8, 2015.
             Slain by a gnoll
             ... wielding a +2 halberd of protection
              (7 damage)
             ... on level 1 of the Dungeon.
             The game lasted 00:03:14 (1453 turns).

Monkaria the Conjurer (Deep Elf Conjurer)           Turns: 1453, Time: 00:03:14

Health: 0/24       AC:  3    Str:  5    XL:     4   Next: 33%
Magic:  6/10       EV: 13    Int: 21    God:
Gold:   86         SH:  0    Dex: 15    Spells: 2 memorised, 6 levels left

rFire  . . .     SeeInvis .     (no weapon)
rCold  . . .     Clarity  .     a - +0 robe
rNeg   . . .     SustAt   .     (no shield)
rPois  .         Gourm    .     (no helmet)
rElec  .         Spirit   .     (no cloak)
rCorr  .         Warding  .     o - +0 pair of gloves
rMut   .         Stasis   .     (no boots)
MR     .....                    (no amulet)
Stlth  ++........               (no ring)
                                (no ring)

@: not resistant to hostile enchantments, unstealthy
A: no striking features
a: no special abilities


You were on level 1 of the Dungeon.
You were hungry.

You visited 1 branch of the dungeon, and saw 2 of its levels.

You collected 86 gold pieces.

Inventory:

Armour
 a - a +0 robe (worn)
 o - a +0 pair of gloves (worn)
Jewellery
 u - an uncursed amulet of regeneration
 w - a +5 ring of evasion {unknown}
Scrolls
 e - a scroll of amnesia {unknown}
 f - 2 scrolls of noise {unknown}
 i - 2 scrolls of identify {unknown}
 k - 2 scrolls of remove curse {unknown}
 n - a scroll of immolation {unknown}
 r - a scroll of fog {unknown}
 v - a scroll of blinking {unknown}
Potions
 d - a potion of flight {unknown}
 g - 2 potions of cure mutation {unknown}
 l - a potion of agility {unknown}
 m - a potion of might {unknown}
 p - a potion of resistance {unknown}
 q - a potion of degeneration {unknown}
 t - a potion of poison {unknown}
Books
 b - a book of Conjurations

   Spells                             Type                      Level
   a - Magic Dart                     Conjuration                  1
   b - Searing Ray                    Conjuration                  2
   c - Dazzling Spray                 Conjuration/Hexes            3
   d - Fulminant Prism                Conjuration/Hexes            4
   e - Iskenderun's Mystic Blast      Conjuration                  4
   f - Iskenderun's Battlesphere      Conjuration/Charms           5
Comestibles
 c - a bread ration
 j - 2 meat rations


   Skills:
 - Level 2.4 Dodging
 - Level 2.4 Stealth
 - Level 3.0 Spellcasting
 + Level 6.4 Conjurations


You had 6 spell levels left.
You knew the following spells:

 Your Spells              Type           Power        Failure   Level  Hunger
a - Magic Dart            Conj           ####         1%          1    None
b - Searing Ray           Conj           ####..       1%          2    ##.....


Dungeon Overview and Level Annotations

Branches:
Dungeon (2/15)

Altars:


Message History

The bat misses you. The gnoll barely misses you. The bat barely misses you.
The bat hits you but does no damage. The bat misses you. The bat hits you.
Cast which spell? (? or * to list)
Aiming: Searing Ray
Press: ? - help, Shift-Dir - straight line, f - gnoll
Aim: a gnoll The searing ray misses the bat.
The searing ray hits the gnoll.
The gnoll is moderately wounded.
The bat hits you.
* * * LOW HITPOINT WARNING * * *
The bat hits you but does no damage. The gnoll misses you.
The searing ray hits the bat.
You kill the bat!
The gnoll closely misses you.
The searing ray hits the gnoll.
The gnoll is heavily wounded.
The gnoll hits you from afar with a halberd of protection!
You die...

#...........####......##
#.......###............##
#.)......###.......(....##
####.######.#####...........###
##.....## #...............(....
#.......# ######...........####
#.......# ##.........## #
#.......# #########.>.....######
##.....####....@†gg.............
###..####..############.##....#
##..# #...# #.....# #.###...#
##...# #.#.###.8.8.## #........
#....# #.#.##.......# #....#...
#.#..# #.#.##8......###....#...
###.#..# #.#.##..###..#<#.(......
.......###...#...#k#..#.#....##..
.............#8..#N#..#.#........


You could see 2 gnolls.

Vanquished Creatures
  3 adders (D:2)
  2 gnolls (D:2)
  2 oozes (D:1)
  A giant gecko (D:1)
  5 bats (D:1)
  A giant cockroach (D:2)
  3 goblins
  4 hobgoblins
  A quokka (D:2)
  A ball python (D:2)
  A giant newt (D:2)
  8 kobolds
  4 rats (D:1)
36 creatures vanquished.

Notes
Turn   | Place    | Note
--------------------------------------------------------------
     0 | D:1      | Monkaria the Deep Elf Conjurer began the quest for the Orb.
     0 | D:1      | Reached XP level 1. HP: 10/10 MP: 6/6
     6 | D:1      | Noticed a polar bear
     7 | D:1      | Noticed a lindwurm
     7 | D:1      | Noticed a salamander
    69 | D:1      | Reached XP level 2. HP: 15/15 MP: 1/8
    79 | D:1      | Learned a level 2 spell: Searing Ray
   200 | D:1      | Reached skill level 5 in Conjurations
   751 | D:1      | Reached XP level 3. HP: 19/19 MP: 6/9
  1134 | D:2      | Reached skill level 6 in Conjurations
  1182 | D:2      | Reached XP level 4. HP: 24/24 MP: 3/10
  1234 | D:2      | HP: 1/24 [gnoll/halberd of protection (10)]
  1453 | D:1      | Slain by a gnoll

Vault maps used:
D:1:      onia_arrival_zoo_common, minivault_5

Action                   |  1- 3 |  4- 6 || total
-------------------------+-------+-------++-------
Melee: Unarmed           |    11 |     8 ||    19
 Cast: Magic Dart        |    57 |     2 ||    59
       Searing Ray       |     2 |     4 ||     6
  Use: Potion            |       |     2 ||     2
  Eat: Chunk             |     1 |       ||     1
